[Event "Team 45 45 League T41"]
[Site "Internet Chess Club"]
[Date "2009.05.28"]
[Round "5"]
[White "Spencer"]
[Black "chessateer"]
[Result "0-1"]
[WhiteElo "1766"]
[BlackElo "1828"]
[Opening "Scotch game"]
[ECO "C45"]
[Time "11:00:09"]
[TimeControl "2700+45"]

1. e4 e5 2. Nf3 Nc6 3. d4 exd4 4. Nxd4 Bc5 5. Be3 Qf6 6. c3 Nge7 7. Be2 d6 8. b4
Nxd4 9. bxc5 Nxe2 10. Qxe2 dxc5 11. Bxc5 Qg5 12. O-O Qxc5 13. Rd1 O-O 14. Qd3
Be6 15. a4 Nc6 16. Qg3 Rad8 17. Re1 Ne5 18. h3 Rd3 19. Qg5 Nf3+ {White resigns}
0-1

[Event "Team 45 45 League T41"]
[Site "Internet Chess Club"]
[Date "2009.05.30"]
[Round "5"]
[White "ddlj81"]
[Black "jolin54"]
[Result "1-0"]
[WhiteElo "1862"]
[BlackElo "1419"]
[Opening "French defense"]
[ECO "B41"]
[Time "13:00:48"]
[TimeControl "2700+45"]

1. e4 e6 2. d4 c5 3. Nf3 b6 4. d5 Bb7 5. c4 exd5 6. exd5 d6 7. Nc3 Nf6 8. Bg5
Be7 9. Qd2 O-O 10. Bd3 Nbd7 11. O-O Re8 12. Rfe1 Ng4 13. Bxe7 Rxe7 14. Ng5 Ndf6
15. Rxe7 Qxe7 16. Re1 Qd7 17. Qf4 Re8 18. Rxe8+ Qxe8 19. Nce4 Qe5 20. Qxe5 Nxe5
21. Be2 Ne8 22. f4 Ng6 23. g3 Bc8 24. Nc3 f6 25. Nge4 Bd7 26. Kf2 a6 27. Ke3 Kf7
28. h4 Ne7 29. g4 h6 30. Ng3 g6 31. h5 Ng7 32. Nce4 Ne8 33. Kf3 b5 34. b3 Bxg4+
35. Kxg4 f5+ 36. Kh4 fxe4 37. Nxe4 Nf5+ 38. Kh3 Nf6 39. hxg6+ Kxg6 40. Nxf6 Kxf6
41. cxb5 axb5 42. Bxb5 Nd4 43. Bc4 Kf5 44. a4 Nc2 45. a5 Nb4 46. Kg3 h5 47. a6
Nxa6 48. Bd3+ Kf6 49. Bxa6 Kf5 50. Bd3+ Kf6 51. Kh4 Kf7 52. Kxh5 Kf6 53. Kh6 Kf7
54. Kg5 Kg7 55. Be4 Kf7 56. Kf5 Ke7 57. Kg6 {Black resigns} 1-0

[Event "Team 45 45 League T41"]
[Site "Internet Chess Club"]
[Date "2009.06.02"]
[Round "5"]
[White "ZacAttack99"]
[Black "touchthis"]
[Result "0-1"]
[WhiteElo "1450"]
[BlackElo "1871"]
[Opening "French: advance, Paulsen attack"]
[ECO "C02"]
[Time "16:00:15"]
[TimeControl "2700+45"]

1. e4 e6 2. d4 d5 3. e5 c5 4. c3 Nc6 5. Nf3 Nh6 6. Be2 Nf5 7. O-O cxd4 8. cxd4
Qb6 9. Nc3 Nfxd4 10. Nxd4 Nxd4 11. Be3 Nxe2+ 12. Qxe2 Qa5 13. Rfc1 Bd7 14. a3 a6
15. b4 Qd8 16. Bd4 Qg5 17. Be3 Qxe5 18. Qd3 Bd6 19. g3 Qf6 20. Re1 Be5 21. Bd2
Rc8 22. Rac1 Bd4 23. Re2 Bxc3 24. Bxc3 Qh6 25. Ree1 O-O 26. Qd4 Rc4 27. Qb6 Bc6
28. Qc7 Qh3 29. f3 d4 30. Qf4 Rxc3 {White resigns} 0-1

[Event "Team 45 45 League T41"]
[Site "Internet Chess Club"]
[Date "2009.06.01"]
[Round "5"]
[White "RandyPCC"]
[Black "HotRats"]
[Result "1-0"]
[WhiteElo "1723"]
[BlackElo "1280"]
[Opening "Nimzo-Indian: 4.e3 e8g8, 5.Nf3 d7d5"]
[ECO "E51"]
[Time "21:30:09"]
[TimeControl "2700+45"]

1. d4 Nf6 2. c4 d5 3. Nc3 e6 4. Nf3 Bb4 5. e3 O-O 6. Bd2 c5 7. cxd5 exd5 8. a3
Bxc3 9. Bxc3 Ne4 10. Rc1 Bg4 11. Be2 Nc6 12. dxc5 Nxc3 13. Rxc3 Qd7 14. O-O Rad8
15. Nd4 Bxe2 16. Qxe2 Rfe8 17. Qd2 Ne5 18. b3 Qg4 19. Qe2 Qg6 20. Nb5 Nc6 21.
Qd3 Qf6 22. Nd6 Re7 23. Rfc1 d4 24. exd4 Nxd4 25. Ne4 Qg6 26. Re1 Nc6 27. Qh3
Rxe4 28. Rce3 h6 29. f3 Rxe3 30. Rxe3 Qb1+ 31. Kf2 Qb2+ 32. Kg3 Qxa3 33. Qf5 Qb2
34. h4 Qd4 35. Re4 Qd3 36. Re8+ Rxe8 37. Qxd3 {Black resigns} 1-0

[Event "Team 45 45 League T41"]
[Site "Internet Chess Club"]
[Date "2009.05.28"]
[Round "5"]
[White "FutureCGA"]
[Black "markgravitygood"]
[Result "1/2-1/2"]
[WhiteElo "1998"]
[BlackElo "1909"]
[Opening "Caro-Kann: closed (Breyer) variation"]
[ECO "B10"]
[Time "20:32:41"]
[TimeControl "2700+45"]

1. e4 c6 2. d3 d5 3. Nd2 e5 4. g3 Nf6 5. Bg2 Bd6 6. c3 O-O 7. h3 dxe4 8. dxe4
Be6 9. Qe2 Nbd7 10. Ngf3 Nc5 11. Ng5 Qe7 12. Nxe6 Qxe6 13. Nc4 Bc7 14. b3 b5 15.
Ba3 Bb6 16. Nxb6 axb6 17. Bb2 Rfd8 18. O-O Nd3 19. Rfd1 Nxb2 20. Qxb2 Qe7 21.
Kh2 Qc5 22. Rac1 h6 23. Bf3 Kh7 24. Rxd8 Rxd8 25. Qe2 Qa3 26. Rc2 Qd6 27. Kg2
Kg8 28. Qe3 Qc5 29. Qxc5 bxc5 30. a4 Ra8 31. axb5 cxb5 32. Be2 Ra3 33. Bxb5 Rxb3
34. Bc4 Ra3 35. f3 Kf8 36. Kf2 Ke7 37. h4 Ra4 38. Bb5 Ra5 39. Be2 Ra3 40. Rc1
Ne8 41. Bc4 Nd6 42. Bd5 f6 43. Ke3 c4 44. Kd2 Ra6 45. Ke3 Ra3 46. f4 g6 47. Rc2
Ra1 48. fxe5 fxe5 49. Ke2 {Game drawn by mutual agreement} 1/2-1/2

[Event "Team 45 45 League T41"]
[Site "Internet Chess Club"]
[Date "2009.05.31"]
[Round "5"]
[White "PaulKaspar"]
[Black "frankd"]
[Result "1-0"]
[WhiteElo "1857"]
[BlackElo "1529"]
[Opening "Pirc: classical (two knights) system"]
[ECO "B08"]
[Time "13:00:10"]
[TimeControl "2700+45"]

1. e4 d6 2. d4 Nf6 3. Nc3 g6 4. Nf3 Bg7 5. Bb5+ c6 6. Be2 O-O 7. O-O b5 8. a3 a6
9. Bg5 Qc7 10. Qd2 Bb7 11. Bh6 Nbd7 12. Bxg7 Kxg7 13. Qf4 Rac8 14. e5 dxe5 15.
dxe5 Nd5 16. Nxd5 cxd5 17. c3 Nc5 18. Rad1 Ne6 19. Qe3 Qc5 20. Nd4 Nxd4 21. Rxd4
Rc6 22. Rfd1 e6 23. h4 Qe7 24. h5 h6 25. Rg4 g5 26. f4 f5 27. exf6+ Rxf6 28.
fxg5 hxg5 29. Qxg5+ {Black resigns} 1-0

[Event "Team 45 45 League T41"]
[Site "Internet Chess Club"]
[Date "2009.05.31"]
[Round "5"]
[White "clarinetref"]
[Black "Gupta"]
[Result "1-0"]
[WhiteElo "1742"]
[BlackElo "1782"]
[Opening "Réti opening"]
[ECO "A11"]
[Time "22:10:46"]
[TimeControl "2700+45"]

1. Nf3 d5 2. c4 c6 3. g3 Nf6 4. Bg2 Bf5 5. b3 e6 6. Bb2 Nbd7 7. d3 Bb4+ 8. Nbd2
O-O 9. a3 Bd6 10. O-O Rc8 11. cxd5 exd5 12. Ra2 Qc7 13. Qa1 Rfe8 14. Re1 Qb6 15.
b4 a5 16. Bd4 c5 17. bxc5 Bxc5 18. Bxc5 Nxc5 19. Rb2 Qa7 20. Nb3 Na4 21. Rd2 Nc3
22. Nbd4 Bg4 23. h3 Bd7 24. Rc2 Nb5 25. Rxc8 Rxc8 26. Nxb5 Bxb5 27. Qb2 Bc6 28.
Nd4 Qa6 29. g4 Nd7 30. Nf5 f6 31. Ne7+ Kf8 32. Nxc8 b5 33. Nd6 Nc5 34. Nf5 b4
35. axb4 Na4 {Black resigns} 1-0

[Event "Team 45 45 League T41"]
[Site "Internet Chess Club"]
[Date "2009.05.31"]
[Round "5"]
[White "jesterday"]
[Black "Folgers"]
[Result "1-0"]
[WhiteElo "1981"]
[BlackElo "2069"]
[Opening "KP: Nimzovich defense"]
[ECO "B00"]
[Time "18:05:38"]
[TimeControl "2700+45"]

1. e4 Nc6 2. d4 e5 3. dxe5 Nxe5 4. Nc3 Bb4 5. Qd4 Qe7 6. Bd2 Nf6 7. O-O-O Bc5 8.
Qa4 Bxf2 9. Bg5 c6 10. Nf3 O-O 11. Nh4 d6 12. Be2 b5 13. Qb4 Bc5 14. Qa5 Be6 15.
Rhf1 Rfd8 16. Bxf6 gxf6 17. Nf5 Qf8 18. Nd4 Qh6+ 19. Kb1 Bc4 20. b3 Bxd4 21.
Rxd4 Qe3 22. Rdd1 Bxe2 23. Rde1 Kg7 24. Rxe2 Qc5 25. Ref2 Nd7 26. Ne2 d5 27. Ng3
dxe4 28. Nxe4 Qe5 29. Ng3 Re8 30. Rf5 Qd4 31. Qc7 Re6 32. Nh5+ Kh8 33. Qg3 Rg8
34. Qf3 Rge8 35. Qg3 Rg8 36. Qf2 Qxf2 37. R5xf2 Rge8 38. Nxf6 Nxf6 39. Rxf6 Re1+
40. Rxe1 Rxe1+ 41. Kb2 Kg7 42. Rxc6 Re2 43. Ra6 Rxg2 44. Rxa7 Rxh2 45. Rb7 Rh5
46. Kc3 Rc5+ 47. Kb4 Rxc2 48. a3 h5 49. Rxb5 Kg6 50. a4 h4 51. a5 h3 52. Rb8 f5
53. a6 Rc7 54. Rh8 Kg5 55. Rxh3 Kg4 56. Rh8 f4 57. Rf8 f3 58. Kb5 Kg3 59. Kb6
Rc1 60. a7 Ra1 61. a8=Q Rxa8 62. Rxa8 f2 63. Rf8 Kg2 64. Kc7 f1=Q 65. Rxf1 Kxf1
66. b4 {Black resigns} 1-0

[Event "Team 45 45 League T41"]
[Site "Internet Chess Club"]
[Date "2009.05.30"]
[Round "5"]
[White "FutureCGA"]
[Black "makito"]
[Result "0-1"]
[WhiteElo "1974"]
[BlackElo "1842"]
[Opening "Four knights: Scotch, 4...exd4"]
[ECO "C47"]
[Time "05:02:21"]
[TimeControl "2700+45"]

1. e4 e5 2. Nf3 Nf6 3. Nc3 Nc6 4. d4 exd4 5. Nxd4 Bb4 6. Nxc6 bxc6 7. Bd3 O-O 8.
O-O h6 9. Ne2 d5 10. Nd4 Qe8 11. exd5 cxd5 12. c3 Be7 13. Re1 Bd7 14. Bf4 c5 15.
Nf5 Bxf5 16. Bxf5 Qd8 17. Qf3 Bd6 18. Rad1 Qc7 19. Bc1 Bxh2+ 20. Kh1 Bd6 21. Bc2
Be5 22. Qh3 Bf4 23. Be3 Rfe8 24. Ba4 Re4 25. Bc2 Re5 26. Kg1 Bxe3 27. Rxe3 Rxe3
28. Qxe3 Re8 29. Qd2 Qe5 30. f3 Qe3+ 31. Qxe3 Rxe3 32. Kf2 Re5 33. b4 c4 34. a4
Kf8 35. f4 Re7 36. Kf3 h5 37. Bf5 Ke8 38. b5 Kd8 39. a5 g6 40. Bh3 Kc7 41. g3
Kd6 42. Rb1 Ne4 43. Rb2 Kc5 44. Bc8 Nxc3 45. b6 Nb5 46. b7 Nd4+ 47. Kf2 Nc6 48.
b8=Q Nxb8 49. Rxb8 Re8 50. Ra8 c3 51. Rxa7 Rxc8 52. Ke2 f5 53. Kd3 Kb5 54. Kc2
d4 55. a6 d3+ 56. Kc1 d2+ 57. Kc2 Rd8 58. Rb7+ Kxa6 59. Rb1 d1=Q+ 60. Rxd1 Rxd1
61. Kxd1 Kb5 62. Kc2 Kc4 {White resigns} 0-1

[Event "Team 45 45 League T41"]
[Site "Internet Chess Club"]
[Date "2009.05.31"]
[Round "5"]
[White "Orinal"]
[Black "MeanMrMustard"]
[Result "0-1"]
[WhiteElo "1595"]
[BlackElo "1960"]
[Opening "Sicilian: Scheveningen (Paulsen), classical variation"]
[ECO "B85"]
[Time "17:00:09"]
[TimeControl "2700+45"]

1. e4 c5 2. Nf3 d6 3. d4 cxd4 4. Nxd4 Nf6 5. Nc3 a6 6. Be2 e6 7. Be3 Be7 8. O-O
O-O 9. f4 Qc7 10. Qe1 b5 11. a3 Bb7 12. Qg3 Nxe4 13. Nxe4 Bxe4 14. f5 exf5 15.
Bh6 g6 16. Bxf8 Bxf8 17. Nxf5 Qc5+ 18. Ne3 Bh6 19. Bf3 Bxe3+ 20. Kh1 Bc6 21.
Rad1 Bd4 22. Bxc6 Nxc6 23. Qf3 Rf8 24. c3 Be5 25. Rd5 Qc4 26. Rfd1 Ne7 27. R5d2
Nf5 28. Re2 Qh4 29. Qh3 Qxh3 30. gxh3 Rc8 31. Rf1 Rc4 32. Kg2 a5 33. Ra1 Nh4+
34. Kf1 Nf3 35. Kg2 Ng5 36. Rd1 Ne6 37. Rd5 Nf4+ 38. Kf3 Nxd5 {White resigns}
0-1

[Event "Team 45 45 League T41"]
[Site "Internet Chess Club"]
[Date "2009.05.31"]
[Round "5"]
[White "mitus"]
[Black "incachess"]
[Result "1-0"]
[WhiteElo "1744"]
[BlackElo "1652"]
[Opening "Sicilian, Chekhover variation"]
[ECO "B53"]
[Time "15:02:16"]
[TimeControl "2700+45"]

1. e4 c5 2. Nf3 d6 3. d4 cxd4 4. Qxd4 a6 5. Bc4 Nc6 6. Qd3 e6 7. Nc3 Nf6 8. Bg5
Be7 9. O-O-O b5 10. Bb3 Ra7 11. Bxf6 gxf6 12. Kb1 b4 13. Ne2 Na5 14. Nfd4 Bd7
15. f4 Nxb3 16. Qxb3 Qb6 17. c3 a5 18. g4 O-O 19. g5 Rb8 20. Rhg1 fxg5 21. fxg5
e5 22. Rdf1 Be6 23. Nxe6 bxc3 24. Qxb6 Rxb6 25. Nxc3 fxe6 26. g6 Bh4 27. gxh7+
Kxh7 28. Rg4 Bd8 29. Rf8 Rb8 30. Rgg8 Raa8 31. Rg2 Bb6 32. Rf3 Be3 33. Rxe3
{Black resigns} 1-0

[Event "Team 45 45 League T41"]
[Site "Internet Chess Club"]
[Date "2009.05.31"]
[Round "5"]
[White "Blade"]
[Black "Ptzz"]
[Result "1/2-1/2"]
[WhiteElo "2144"]
[BlackElo "2115"]
[Opening "Queen's pawn game"]
[ECO "D00"]
[Time "15:00:17"]
[TimeControl "2700+45"]

1. d4 d5 2. g3 Nf6 3. Bg2 c6 4. Nf3 Bf5 5. O-O e6 6. b3 Nbd7 7. c4 h6 8. Bb2 a5
9. Nbd2 Ne4 10. Nxe4 Bxe4 11. Rc1 Bd6 12. c5 Be7 13. e3 b6 14. cxb6 Qxb6 15. Ne5
Bxg2 16. Nxd7 Kxd7 17. Kxg2 Rhc8 18. Qg4 g6 19. Qf4 Rf8 20. Qxh6 a4 21. Rc3 Bb4
22. Rd3 Qa6 23. Rfd1 axb3 24. Rxb3 Bd6 25. Ra1 Rab8 26. Qg7 Ke7 27. Bc3 Qd3 28.
Rc1 Rxb3 29. axb3 Ra8 30. Be1 Qe2 31. Qh6 Kd7 32. Qh7 Rf8 33. Ra1 Kc7 34. Ra7+
Kb6 35. Rxf7 Rxf7 36. Qxf7 Qxe1 37. Qxe6 Bc7 38. Qxg6 Qb4 39. Qd3 Qe7 40. h4 Qf7
41. g4 Qf6 42. h5 Qh4 43. Qf5 Kb5 44. Qd7 Kb6 45. Qc8 Bd6 46. f4 Qe7 47. Kf2
Qh4+ 48. Ke2 Qh2+ 49. Kf3 Qh3+ 50. Kf2 Qh2+ 51. Kf1 Qh1+ 52. Kf2 Qh2+ {Game
drawn by mutual agreement} 1/2-1/2

[Event "Team 45 45 League T41"]
[Site "Internet Chess Club"]
[Date "2009.05.30"]
[Round "5"]
[White "Zumbi"]
[Black "Ben622"]
[Result "1-0"]
[WhiteElo "2048"]
[BlackElo "2009"]
[Opening "Alekhine's defense: exchange variation"]
[ECO "B03"]
[Time "16:37:34"]
[TimeControl "2700+45"]

1. e4 Nf6 2. e5 Nd5 3. d4 d6 4. c4 Nb6 5. exd6 cxd6 6. Nc3 g6 7. Be3 Bg7 8. Rc1
O-O 9. b3 f5 10. Nf3 f4 11. Bd2 e5 12. dxe5 dxe5 13. c5 N6d7 14. Bc4+ Kh8 15.
Ne4 Qe7 16. O-O Nc6 17. b4 Nf6 18. Nd6 Bg4 19. h3 Bh5 20. Qb3 Bxf3 21. Qxf3 Ne8
22. Nxb7 Nd4 23. Qe4 Nf6 24. Qd3 Qxb7 25. Bxf4 Nh5 26. Bd2 Rad8 27. Qe3 Nf4 28.
f3 Nxh3+ 29. gxh3 Nxf3+ 30. Rxf3 Rxf3 31. Qg5 Bf6 32. Qg2 Bh4 33. Bg5 Rg3 34.
Qxg3 Bxg3 35. Bf6+ Qg7 36. Bxg7+ Kxg7 37. c6 Bf4 38. Rc2 Be3+ 39. Kg2 Bb6 40.
Ba6 e4 41. c7 Bxc7 42. Rxc7+ Kh6 43. Rc2 e3 44. Re2 Rd4 45. a3 Re4 46. Bb7 Rd4
47. Rxe3 {Black resigns} 1-0

[Event "Team 45 45 League T41"]
[Site "Internet Chess Club"]
[Date "2009.05.31"]
[Round "5"]
[White "TOXIC-AVENGER"]
[Black "PaulKaspar"]
[Result "1-0"]
[WhiteElo "1957"]
[BlackElo "1845"]
[Opening "Caro-Kann: advance variation"]
[ECO "B12"]
[Time "17:03:19"]
[TimeControl "2700+45"]

1. e4 c6 2. d4 d5 3. e5 Bf5 4. g4 Bd7 5. Bg2 Qc8 6. h3 e6 7. Ne2 Ne7 8. O-O Ng6
9. f4 Be7 10. Qd3 Na6 11. c3 Qc7 12. f5 exf5 13. gxf5 Nh4 14. Bh1 O-O-O 15. Bf4
Bxf5 16. Qg3 Qd7 17. Kh2 h6 18. b4 g5 19. Be3 Nc7 20. a4 Kb8 21. Nd2 Be6 22. Nb3
Nf5 23. Qf2 Nxe3 24. Qxe3 Rdf8 25. Nc5 Bxc5 26. bxc5 Ne8 27. Rfb1 f6 28. a5 a6
29. Rb6 fxe5 30. dxe5 Rf7 31. Nd4 Ka8 32. Rab1 Qc8 33. c4 Rhf8 34. cxd5 Bxd5 35.
Bxd5 cxd5 36. c6 Rf2+ 37. Kg1 bxc6 38. Nxc6 {Black resigns} 1-0

[Event "Team 45 45 League T41"]
[Site "Internet Chess Club"]
[Date "2009.06.01"]
[Round "5"]
[White "pishd"]
[Black "BRAINWAVE"]
[Result "1-0"]
[WhiteElo "1743"]
[BlackElo "1714"]
[Opening "Queen's pawn"]
[ECO "A40"]
[Time "15:53:00"]
[TimeControl "2700+45"]

1. d4 e6 2. Bf4 f5 3. Nf3 Nf6 4. h3 d5 5. e3 c6 6. Nbd2 Bd6 7. Bxd6 Qxd6 8. Ne5
Nbd7 9. f4 b6 10. Bd3 g6 11. c3 c5 12. Qe2 Nh5 13. Qf3 Nxe5 14. fxe5 Qe7 15. Qf2
Qg5 16. Nf3 Qg3 17. O-O O-O 18. Qxg3 Nxg3 19. Rf2 Bd7 20. Kh2 Ne4 21. Rff1 h6
22. Bxe4 fxe4 23. Nd2 Bb5 24. Rxf8+ Rxf8 25. Kg1 cxd4 26. exd4 h5 27. a4 Bd3 28.
Nf1 Bxf1 29. Rxf1 Rxf1+ 30. Kxf1 a6 31. Kf2 b5 32. axb5 axb5 33. Ke3 Kf7 34. b3
Ke7 35. c4 bxc4 36. bxc4 dxc4 37. Kxe4 Kd7 38. h4 Kc7 39. Ke3 Kc6 40. Kd2 Kb6
41. Kc3 Kb5 42. g3 Kc6 43. Kxc4 Kc7 44. Kc5 Kd7 45. Kb6 Kd8 46. Kc6 Ke7 47. Kc7
Ke8 48. Kd6 Kf7 49. Kd7 {Black resigns} 1-0

[Event "Team 45 45 League T41"]
[Site "Internet Chess Club"]
[Date "2009.05.30"]
[Round "5"]
[White "syy89"]
[Black "KNVB"]
[Result "0-1"]
[WhiteElo "2110"]
[BlackElo "2369"]
[Opening "French: Winawer, advance, poisoned pawn variation"]
[ECO "C18"]
[Time "20:00:02"]
[TimeControl "2700+45"]

1. e4 e6 2. d4 d5 3. Nc3 Bb4 4. e5 c5 5. a3 Bxc3+ 6. bxc3 Ne7 7. Qg4 Kf8 8. a4
b6 9. Nf3 cxd4 10. Bd3 Ba6 11. O-O Bxd3 12. cxd3 dxc3 13. Ba3 Nc6 14. d4 Rc8 15.
Qf4 Kg8 16. Ng5 Nf5 17. g4 Ncxd4 18. Kh1 Ne2 19. Qf3 Qxg5 20. Qxe2 Nd4 21. Qa6
Rc4 22. Qxa7 h5 23. Qb8+ Kh7 24. Qxb6 hxg4 25. Rg1 Kg6 26. Raf1 Rxh2+ 27. Kxh2
Qh4+ {White resigns} 0-1

[Event "Team 45 45 League T41"]
[Site "Internet Chess Club"]
[Date "2009.06.01"]
[Round "5"]
[White "HomerSimpson"]
[Black "Pason"]
[Result "0-1"]
[WhiteElo "2278"]
[BlackElo "2107"]
[Opening "Polish: Outflank variation"]
[ECO "A00"]
[Time "10:09:54"]
[TimeControl "2700+45"]

1. b4 c6 2. Bb2 a5 3. b5 cxb5 4. e3 b4 5. a3 bxa3 6. Bxa3 Nf6 7. c4 d6 8. d4 g6
9. Nc3 Bg7 10. Bd3 O-O 11. Nge2 Nbd7 12. O-O b6 13. Rb1 Ba6 14. Nb5 Qb8 15. Qb3
Rc8 16. Rfc1 Ne8 17. Nec3 Nc7 18. Be4 Nxb5 19. Nxb5 Bb7 20. Nc3 Bxe4 21. Nxe4
Qb7 22. Nc3 Bf8 23. Na4 Rab8 24. Qa2 Qc6 25. Rb5 d5 26. Qb1 dxc4 27. d5 Qc7 28.
e4 e6 29. Bxf8 Rxf8 30. dxe6 fxe6 31. Qc2 Ne5 32. f3 Qd7 33. Rcb1 Qd4+ 34. Qf2
Qxf2+ 35. Kxf2 Nd3+ 36. Ke3 Nb4 37. Rxb6 Rxb6 38. Nxb6 c3 39. Rc1 c2 40. Nc4 Rc8
41. Na3 Rc3+ {White resigns} 0-1

[Event "Team 45 45 League T41"]
[Site "Internet Chess Club"]
[Date "2009.05.29"]
[Round "5"]
[White "nardz"]
[Black "Gregorio"]
[Result "1-0"]
[WhiteElo "2091"]
[BlackElo "2061"]
[Opening "QGD Slav: 4.Nc3"]
[ECO "D15"]
[Time "21:03:56"]
[TimeControl "2700+45"]

1. d4 d5 2. c4 c6 3. Nf3 Nf6 4. Nc3 Nbd7 5. Qb3 e6 6. Bg5 Be7 7. e3 O-O 8. cxd5
exd5 9. Bd3 Re8 10. O-O h6 11. Bf4 Bf8 12. Qc2 Nb6 13. Ne5 Bb4 14. a3 Bd6 15. b4
Bxe5 16. Bxe5 Nc4 17. Bg3 b5 18. a4 Qb6 19. Bh4 g5 20. Bg3 Bg4 21. h4 Kg7 22.
axb5 cxb5 23. Bxc4 dxc4 24. Be5 Kg8 25. hxg5 hxg5 26. f4 Nd7 27. Qf2 f6 28. Qg3
Be6 29. d5 fxe5 30. Qxg5+ Kh7 31. Kf2 Bh3 32. Rh1 Qg6 33. Rxh3+ Kg7 34. Rg3 Qxg5
35. Rxg5+ Kf7 36. Nxb5 Reb8 37. Nc7 exf4 38. e4 Nf6 39. Rf5 Kg6 40. Ra6 Rb6 41.
Rxb6 axb6 42. Rxf6+ Kxf6 43. Nxa8 b5 44. Nc7 {Black resigns} 1-0

[Event "Team 45 45 League T41"]
[Site "Internet Chess Club"]
[Date "2009.05.27"]
[Round "5"]
[White "adh2050"]
[Black "Rookmaster"]
[Result "1-0"]
[WhiteElo "2121"]
[BlackElo "1854"]
[Opening "Ruy Lopez: closed, anti-Marshall 8.a4"]
[ECO "C88"]
[Time "23:03:28"]
[TimeControl "2700+45"]

1. e4 e5 2. Nf3 Nc6 3. Bb5 a6 4. Ba4 Nf6 5. O-O Be7 6. Re1 b5 7. Bb3 O-O 8. a4
Bb7 9. d3 Re8 10. axb5 axb5 11. Rxa8 Bxa8 12. Nc3 b4 13. Nd5 d6 14. Ng5 Nxd5 15.
Nxf7 Kxf7 16. Bxd5+ Kf8 17. Qh5 g6 18. Qh6# {Black checkmated} 1-0

[Event "Team 45 45 League T41"]
[Site "Internet Chess Club"]
[Date "2009.05.29"]
[Round "5"]
[White "frothyjowels"]
[Black "izit"]
[Result "1-0"]
[WhiteElo "2425"]
[BlackElo "2164"]
[Opening "Queen's pawn: London system"]
[ECO "A45"]
[Time "13:00:20"]
[TimeControl "2700+45"]

1. d4 Nf6 2. Bf4 g6 3. e3 Bg7 4. Nf3 O-O 5. Be2 d6 6. h3 Nc6 7. O-O Nd7 8. c4 e5
9. Bh2 exd4 10. exd4 Qf6 11. d5 Qxb2 12. dxc6 Qxa1 13. cxd7 Bxd7 14. c5 Qxa2 15.
cxd6 cxd6 16. Nbd2 Ba4 17. Bc4 Bxd1 18. Bxa2 Ba4 19. Bxd6 Rfd8 20. Ne4 Rd7 21.
Be5 Bxe5 22. Nxe5 Re7 23. Nxf7 Rxf7 24. Ng5 Be8 25. Re1 Kf8 26. Ne6+ Kg8 27. Nc7
{Black resigns} 1-0

[Event "Team 45 45 League T41"]
[Site "Internet Chess Club"]
[Date "2009.05.30"]
[Round "5"]
[White "kingcapture"]
[Black "eurander"]
[Result "0-1"]
[WhiteElo "2212"]
[BlackElo "2234"]
[Opening "Caro-Kann: classical, 6.h4"]
[ECO "B18"]
[Time "11:00:09"]
[TimeControl "2700+45"]

1. e4 c6 2. d4 d5 3. Nc3 dxe4 4. Nxe4 Bf5 5. Ng3 Bg6 6. h4 h6 7. h5 Bh7 8. Nf3
Nd7 9. Bd3 Bxd3 10. Qxd3 e6 11. Bf4 Qa5+ 12. c3 Ngf6 13. Be5 Be7 14. Ne4 Nxe5
15. Nxe5 Rd8 16. Qf3 Qd5 17. Nd2 Qxf3 18. Ndxf3 Ne4 19. O-O Bd6 20. Rfe1 Nf6 21.
g4 c5 22. dxc5 Bxc5 23. Rad1 O-O 24. b4 Be7 25. a3 Rxd1 26. Rxd1 Rd8 27. Rd4
Rxd4 28. Nxd4 Bd6 29. Nc4 Bf4 30. f3 Nd5 31. Ne2 Bc7 32. Kf1 b5 33. Nd2 Be5 34.
Nb1 a6 35. Ke1 g6 36. hxg6 fxg6 37. Kd2 h5 38. gxh5 gxh5 39. Kd3 Nf4+ 40. Nxf4
Bxf4 41. Ke4 e5 42. Kf5 Kf7 43. a4 bxa4 44. c4 Ke7 45. Na3 Kd6 46. Nb1 Bc1 47.
Nc3 a3 48. Ne4+ Kc6 49. Nc3 Bd2 50. Na2 Kd6 51. b5 axb5 52. cxb5 Kc5 53. Kxe5 h4
{White resigns} 0-1

[Event "Team 45 45 League T41"]
[Site "Internet Chess Club"]
[Date "2009.06.01"]
[Round "5"]
[White "Gil-galad"]
[Black "Chessduke"]
[Result "1/2-1/2"]
[WhiteElo "2105"]
[BlackElo "2104"]
[Opening "QGD: exchange, positional line"]
[ECO "D35"]
[Time "14:06:15"]
[TimeControl "2700+45"]

1. d4 d5 2. c4 e6 3. Nc3 Nf6 4. cxd5 exd5 5. Bg5 Be7 6. e3 O-O 7. Bd3 Be6 8.
Nge2 c5 9. O-O Nbd7 10. h3 h6 11. Bh4 Nh5 12. Bxe7 Qxe7 13. Qc2 f5 14. dxc5 Nxc5
15. Nd4 Nxd3 16. Qxd3 Rad8 17. Nxe6 Qxe6 18. Rad1 Nf6 19. Ne2 {Game drawn by
mutual agreement} 1/2-1/2

[Event "Team 45 45 League T41"]
[Site "Internet Chess Club"]
[Date "2009.05.31"]
[Round "5"]
[White "jonesey"]
[Black "JustinSane"]
[Result "1/2-1/2"]
[WhiteElo "2071"]
[BlackElo "2039"]
[Opening "English: ultra-symmetrical variation"]
[ECO "A36"]
[Time "09:00:05"]
[TimeControl "2700+45"]

1. c4 c5 2. Nc3 Nc6 3. g3 g6 4. Bg2 Bg7 5. e3 e6 6. Nge2 Nge7 7. O-O O-O 8. a3
a6 9. Rb1 Rb8 10. b4 cxb4 11. axb4 b5 12. cxb5 axb5 13. d4 d5 14. Nf4 e5 15.
Nfxd5 exd4 16. exd4 Bf5 17. Bf4 Nxd5 18. Nxd5 Bxb1 19. Bxb8 Ba2 20. Nc3 Bc4 21.
Bxc6 Bxf1 22. Qxf1 Qxb8 23. Nxb5 Qb6 24. Qc4 Rd8 25. d5 Bf8 26. Qb3 Rb8 27. Qc4
Qa6 28. d6 Rxb5 29. Bxb5 Qxd6 30. Be8 Qe7 31. Ba4 {Game drawn by mutual
agreement} 1/2-1/2

[Event "Team 45 45 League T41"]
[Site "Internet Chess Club"]
[Date "2009.05.31"]
[Round "5"]
[White "Kolibri"]
[Black "SlimeDog2"]
[Result "1-0"]
[WhiteElo "2093"]
[BlackElo "2218"]
[Opening "Petrov: classical attack, Marshall variation"]
[ECO "C42"]
[Time "14:01:08"]
[TimeControl "2700+45"]

1. e4 e5 2. Nf3 Nf6 3. Nxe5 d6 4. Nf3 Nxe4 5. d4 d5 6. Bd3 Bd6 7. O-O O-O 8. c4
c6 9. Nc3 Nxc3 10. bxc3 Bg4 11. Re1 Nd7 12. Rb1 dxc4 13. Bxc4 Nb6 14. Bd3 Qf6
15. h3 Bxf3 16. Qxf3 Qxf3 17. gxf3 Rfe8 18. Bd2 h6 19. c4 c5 20. d5 Rxe1+ 21.
Bxe1 Rb8 22. Bc3 Kf8 23. Re1 g6 24. Bd2 Kg7 25. Bc3+ Kg8 26. Bd2 h5 27. f4 Nd7
28. Kg2 a6 29. a4 Kf8 30. Kf3 Re8 31. Rb1 Rb8 32. Bc3 f5 33. Re1 Kf7 34. a5 Be7
35. Be5 Ra8 36. Rb1 Ra7 37. Bc7 Bf6 38. Bc2 Bc3 39. Ba4 Ke7 40. Rb3 Bd4 41. Rb1
Bc3 42. Bxd7 Kxd7 43. Bb6 Ra8 44. Bxc5 Rc8 45. Rxb7+ Ke8 46. Bb6 Bb4 47. Rc7
Rxc7 48. Bxc7 Kd7 49. Bb6 Kd6 50. Ke2 Ba3 51. Kd3 Bc1 52. Be3 Ba3 53. Bd2 Bc5
54. f3 Ba3 55. Bc3 Bc5 56. Be5+ Kd7 57. Kc3 Ba3 58. Bd4 Bc1 59. Be5 Ba3 60. Kd4
Bb4 61. c5 Bxa5 62. c6+ Kc8 63. d6 {Black resigns} 1-0

[Event "Team 45 45 League T41"]
[Site "Internet Chess Club"]
[Date "2009.05.30"]
[Round "5"]
[White "cillu"]
[Black "Monsoon-Smith"]
[Result "1/2-1/2"]
[WhiteElo "2234"]
[BlackElo "2102"]
[Opening "King's Indian: Sämisch, 5...O-O"]
[ECO "E81"]
[Time "13:04:49"]
[TimeControl "2700+45"]

1. d4 Nf6 2. c4 g6 3. Nc3 Bg7 4. e4 d6 5. f3 O-O 6. Be3 c5 7. Nge2 Qa5 8. d5 b5
9. cxb5 a6 10. Ng3 axb5 11. Bxb5 Ba6 12. Bxa6 Nxa6 13. O-O Nd7 14. Bd2 Ne5 15.
Nce2 Qb6 16. Bc3 c4+ 17. Bd4 Nc5 18. Qd2 Ned3 19. Qc3 Bxd4+ 20. Qxd4 Qxb2 21.
Qxc4 Rfb8 22. Rfd1 Ra3 23. Qd4 Qc2 24. Qe3 Rb2 25. Qg5 Rbxa2 26. Qxe7 Rxa1 27.
Qd8+ Kg7 28. Nf5+ gxf5 29. Qg5+ Kf8 30. Qd8+ Kg7 {Game drawn by mutual
agreement} 1/2-1/2